 Dungeon Crawl Stone Soup version 0.31-a0-366-ga77b45bd9b (webtiles) character file.

Game seed: 6191071111560550485

4539 Bnni the Skirmisher (level 10, -2/106 HPs)
             Began as an Octopode Hunter on July 28, 2023.
             Was an Initiate of Gozag.
             Slain by a vampire (8 damage)
             ... on level 9 of the Dungeon.
             The game lasted 00:18:44 (9376 turns).

Bnni the Skirmisher (Octopode Hunter)               Turns: 9376, Time: 00:18:44

Health: -2/106     AC:  1    Str: 11    XL:     10   Next: 40%
Magic:  20/20      EV: 21    Int: 12    God:    Gozag
Gold:   718        SH:  7    Dex: 19    Spells: 5/11 levels left

rFire   . . .        e - +2 dagger (venom)
rCold   . . .        I - +2 buckler
rNeg    . . .        K - +0 hat
rPois   +            (no amulet)
rElec   .            w - ring of resist corrosion
rCorr   +            u - ring of poison resistance
SInv    .            m - +5 ring of evasion
Will    .....        L - ring of magical power Stlth
                     (no ring)
HPRegen 0.37/turn    (no ring)
MPRegen 0.17/turn    (no ring)
                     (no ring)

%: no passive effects
@: berserking, very quick
A: almost no armour, amphibious, 8 rings, camouflage 1, gelatinous body 1,
(nimble swimmer 1), tentacles
a: Renounce Religion, Potion Petition, Call Merchant, Bribe Branch


You were on level 9 of the Dungeon.
You worshipped Gozag.
Gozag was pleased with you.
You visited 1 branch of the dungeon, and saw 9 of its levels.

You collected 1372 gold pieces.
You spent 608 gold pieces at shops.
You paid 46 gold pieces to Gozag.

Inventory:

Hand Weapons
 a - the +7 sling "Cevisowu" {drain, Str+5 Dex-4}
   (You found it on level 6 of the Dungeon)

   Str:       It affects your strength (+5).
   Dex:       It affects your dexterity (-4).
 e - a +2 dagger of venom (weapon)
 J - a +0 orcbow
Missiles
 g - 14 poisoned darts
 C - 3 atropa-tipped darts
Armour
 I - a +2 buckler (worn)
 K - a +0 hat (worn)
Jewellery
 m - a +5 ring of evasion (on tentacle)
 u - a ring of poison resistance (right tentacle)
 w - a ring of resist corrosion (left tentacle)
 L - a ring of magical power (on tentacle)
Wands
 p - a wand of flame (5)
 D - a wand of quicksilver (25)
Scrolls
 b - a scroll of butterflies
 j - 3 scrolls of blinking
 k - 2 scrolls of vulnerability {unknown}
 l - a scroll of poison {unknown}
 q - 3 scrolls of silence
 r - 2 scrolls of teleportation {unknown}
 t - 2 scrolls of fog {unknown}
 v - 2 scrolls of revelation {unknown}
 y - a scroll of fear {unknown}
 F - a scroll of torment {unknown}
 G - 2 scrolls of enchant armour {unknown}
 H - a scroll of immolation {unknown}
 M - a scroll of noise {unknown}
 N - a scroll of summoning {unknown}
 O - a scroll of enchant weapon {unknown}
Potions
 c - 2 potions of might
 d - a potion of ambrosia {unknown}
 h - a potion of lignification {unknown}
 i - 3 potions of enlightenment
 n - 4 potions of curing
 o - a potion of mutation {unknown}
 s - a potion of degeneration {unknown}
 x - 2 potions of heal wounds {unknown}
 z - 4 potions of magic {unknown}
 A - 2 potions of haste
 B - a potion of cancellation {unknown}
 E - a potion of brilliance {unknown}


   Skills:
 + Level 7.0 Fighting
 * Level 10.6 Ranged Weapons
 - Level 6.0 Dodging
 - Level 5.0 Stealth
 + Level 0.6 Shields
 + Level 1.2 Spellcasting
 + Level 1.0 Translocations
 + Level 5.3 Ice Magic


You had 5 spell levels left.
You knew the following spells:

 Your Spells              Type           Power      Damage    Failure   Level
b - Blink                 Tloc           6%         N/A       38%         2
o - Ozocubu's Armour      Ice            13%        N/A       14%         3
z - Apportation           Tloc           6%         N/A       28%         1

Your spell library contained the following spells:

 Spells                   Type           Power      Damage    Failure   Level
 Frozen Ramparts          Ice            26%        1d4       14%         3
 Magic Dart               Conj           0%         1d3       41%         1
 Necrotise                Necr           0%         1d4       41%         1
 Summon Small Mammal      Summ           0%         N/A       41%         1
 Hailstorm                Conj/Ice       7%         3d4       41%         3
 Call Imp                 Summ           0%         N/A       54%         2
 Scorch                   Fire           0%         2d5       54%         2
 Volatile Blastmotes      Fire/Tloc      4%         2d10      71%         3
 Dazzling Flash           Conj/Hex       0%         N/A       78%         3
 Mephitic Cloud           Conj/Pois/Air  0%         N/A       78%         3
 Summon Guardian Golem    Hex/Summ       0%         N/A       78%         3
 Summon Ice Beast         Ice/Summ       7%         N/A       82%         4
 Manifold Assault         Tloc           3%         N/A       95%         4
 Flame Wave               Conj/Fire      0%         2d4       99%         4
 Leda's Liquefaction      Hex/Erth       0%         N/A       99%         4
 Petrify                  Tmut/Erth      0%         N/A       99%         4
 Metabolic Englaciation   Hex/Ice        3%         N/A       99%         5
 Lee's Rapid Deconstruct  Erth           0%         3d4*      100%        5
 Leda's Unmaking          Conj/Erth      0%         9d1       100%        6
 Starburst                Conj/Fire      0%         6d3       100%        6
 Summon Cactus Giant      Summ           0%         N/A       100%        6
 Malign Gateway           Summ/Tloc      1%         N/A       100%        7
 Orb of Destruction       Conj           0%         9d5       100%        7
 Ozocubu's Refrigeration  Ice            6%         4d8       100%        7
 Spellforged Servitor     Conj/Summ      0%         N/A       100%        7
 Maxwell's Capacitive Co  Air            0%         ∞         100%        8
 Summon Horrible Things   Summ           0%         N/A       100%        8
 Simulacrum               Ice/Necr       Unusable   N/A       N/A         6

Dungeon Overview and Level Annotations

Branches:
Dungeon (9/15)             Temple (0/1) D:6
   Lair: D:8-11         Orc: D:9-12

Altars:
Ashenzari
Fedhas
Gozag
Kikubaaqudgha
Makhleb
Okawaru
Qazlal
Trog
Wu Jian
Zin
The Shining One

Shops:
D:5 =   D:9 :


Innate Abilities, Weirdness & Mutations

You cannot wear most types of armour.
You are amphibious.
You can wear up to eight rings at the same time.
Your skin changes colour to match your surroundings (Stealth+).
Your rubbery body absorbs attacks. (AC +1, EV +1)
((You are camouflaged when in or above water. (Stealth+)))
You have tentacles for arms and can constrict up to eight enemies at once.


Message History

Something draws strength from your injuries!
You miss something. Something barely misses you. Something bites you.
Something draws strength from your injuries!
You hear some strange, mumbled words.
You are more confused.
You miss something. Your squeeze misses something.
Something closely misses you. Something bites you!
Something draws strength from your injuries!
You bump into the rock wall.
Something closely misses you. Something bites you.
Something draws strength from your injuries!
You bump into the rock wall.
Something draws life force from you!!
Unknown command.
Okay, then.
You feel better. Something closely misses you. Something bites you!
* * * LOW HITPOINT WARNING * * *
Something draws strength from your injuries!
Your +2 dagger of venom begins to drip with poison!
e - a +2 dagger of venom (weapon)
Something closely misses you. Something barely misses you.
A red film seems to cover your vision as you go berserk!
You feel yourself moving faster!
You feel mighty! You block something's attack. Something barely misses you.
You hit something. Your squeeze misses something. You miss something.
Your squeeze misses something. Something hits you.
* * * LOW HITPOINT WARNING * * *
Something misses you.
You hit something but do no damage. Something closely misses you.
Something bites you.
* * * LOW HITPOINT WARNING * * *
Something draws strength from your injuries!
You completely miss something. Your squeeze misses something.
Something closely misses you. Something bites you!
* * * LOW HITPOINT WARNING * * *
Something draws strength from your injuries!
You puncture something! You hit something. Something draws life force from you!
* * * LOW HITPOINT WARNING * * *
You hit something. You tentacle-slap something. Something hits you!
You die...
Your body crumbles into a pile of gold.

#.#########.#.....#
#....... #.# #.#.._..#
######.# #.## ###.....#
#.# #..# #⌠#.#⌠# #.#
##.# ####.### .#
####'#### #.#..#
........######...#####..
..).....##.............#
#
........##.#####@#######
........'..# #{#
........#### #..# ##
######### ##.# #§ .#
..#. .# .... .. ###. #.
#§ .# ##


There were no monsters in sight!

Vanquished Creatures
  Gastronok (D:8)
  Prince Ribbit (D:7)
  A shadow (D:7)
  2 steam dragons
  Edmund (D:5)
  A water moccasin (D:9)
  2 black bears (D:5)
  2 ice beasts (D:6)
  2 orc warriors
  4 ogres
  A centaur (D:8)
  3 bullfrogs
  A gnoll sergeant (D:9)
  3 scorpions
  8 killer bees
  5 howler monkeys
  A crimson imp (D:4)
  A hound (D:6)
  A jelly (D:7)
  Crazy Yiuf (D:2)
  3 orc priests
  6 orc wizards
  A sleepcap (D:6)
  2 iguanas
  2 gnolls (D:9)
  9 adders
  A shadow imp (D:6)
  8 white imps (D:7)
  2 ufetubi (D:7)
  2 worms (D:2)
  4 dart slugs
  23 orcs
  8 ball pythons
  3 bats
  8 endoplasms
  2 giant cockroaches (D:3)
  6 hobgoblins
  5 jackals
  5 kobolds
  3 quokkas
  6 frilled lizards
  10 goblins
  3 goblin skeletons (D:4)
  A hobgoblin zombie (D:4)
  2 kobold skeletons (D:4)
  A kobold zombie (D:4)
  An orc zombie (D:4)
  8 rats
177 creatures vanquished.

Notes
Turn   | Place    | Note
-------+----------+-------------------------------------------
     0 | D:1      | Bnni the Octopode Hunter began the quest for the Orb.
     0 | D:1      | Reached XP level 1. HP: 14/14 MP: 1/1
   129 | D:1      | Reached XP level 2. HP: 19/19 MP: 2/2
   223 | D:1      | Found a faded altar of an unknown god.
   502 | D:2      | Reached XP level 3. HP: 25/25 MP: 3/3
   591 | D:2      | Reached XP level 4. HP: 30/30 MP: 4/4
   628 | D:2      | Reached skill level 5 in Ranged Weapons
  1248 | D:2      | Found a runed translucent door.
  1249 | D:2      | Noticed Crazy Yiuf
  1315 | D:2      | Killed Crazy Yiuf
  1316 | D:2      | Reached XP level 5. HP: 3/36 MP: 5/5
  1326 | D:2      | Identified the +9 hammer "Zafunum" {heavy, rC+ Dex+5}
  1540 | D:3      | Found an opulent altar of Gozag.
  1547 | D:3      | Became a worshipper of Gozag Ym Sagoz the Greedy
  2978 | D:4      | Found a glowing golden altar of the Shining One.
  2991 | D:4      | Reached XP level 6. HP: 32/42 MP: 6/6
  3462 | D:4      | Found an iron altar of Okawaru.
  3934 | D:5      | Entered Level 5 of the Dungeon
  3971 | D:5      | Noticed Edmund
  4132 | D:5      | Noticed a black bear
  4144 | D:5      | Killed Edmund
  4145 | D:5      | Reached skill level 6 in Ranged Weapons
  4284 | D:5      | Noticed a black bear
  4343 | D:5      | Reached skill level 5 in Stealth
  4343 | D:5      | Reached XP level 7. HP: 47/47 MP: 7/7
  4440 | D:5      | Found Nim Uraklil's Jewellery Emporium.
  4449 | D:5      | Bought a +5 ring of evasion for 432 gold pieces
  4497 | D:5      | Learned a level 3 spell: Ozocubu's Armour
  4772 | D:5      | Reached skill level 1 in Ice Magic
  4844 | D:5      | Reached skill level 7 in Ranged Weapons
  5145 | D:5      | Reached XP level 8. HP: 14/54 MP: 8/8
  5866 | D:6      | Found a staircase to the Ecumenical Temple.
  5920 | D:6      | Reached skill level 5 in Fighting
  5932 | D:6      | Reached skill level 8 in Ranged Weapons
  6009 | D:6      | Identified the +7 sling "Cevisowu" {drain, Str+5 Dex-4}
  6749 | D:7      | Found a glowing silver altar of Zin.
  6749 | D:7      | Noticed an angel
  6849 | D:7      | Reached XP level 9. HP: 61/61 MP: 9/9
  7182 | D:7      | Noticed Prince Ribbit
  7189 | D:7      | Killed Prince Ribbit
  7196 | D:7      | Reached skill level 9 in Ranged Weapons
  7508 | D:7      | Found an ornate altar of the Wu Jian Council.
  7757 | D:8      | Noticed Gastronok
  7979 | D:8      | Killed Gastronok
  7980 | D:8      | Reached skill level 10 in Ranged Weapons
  7980 | D:8      | Reached skill level 5 in Dodging
  7980 | D:8      | Reached skill level 5 in Ice Magic
  7980 | D:8      | Reached XP level 10. HP: 69/69 MP: 10/10
  8225 | D:8      | Found a broken altar of Ashenzari.
  8226 | D:8      | Found a bloodstained altar of Trog.
  8472 | D:8      | Found a blossoming altar of Fedhas.
  8675 | D:9      | Found a stormy altar of Qazlal.
  8770 | D:9      | Found Vuzxa's Book Boutique.
  8782 | D:9      | Bought an Inescapable Atlas for 176 gold pieces
  8784 | D:9      | Learned a level 1 spell: Apportation
  8787 | D:9      | Learned a level 2 spell: Blink
  8823 | D:9      | Found a burning altar of Makhleb.
  9124 | D:9      | Reached skill level 1 in Spellcasting
  9229 | D:9      | Reached skill level 1 in Translocations
  9335 | D:9      | Found an ancient bone altar of Kikubaaqudgha.
  9375 | D:9      | HP: 5/106 [something (12)]
  9376 | D:9      | Slain by a vampire

Illustrated notes

Levels and vault maps discovered:
D:1:      wander_arrival_chamber, layout_basic, basic_ecumenical_altar
D:2:      minmay_diamond_boxcup, layout_basic, uniq_crazy_yiuf_cottage
D:3:      layout_loops_corners, nicolae_gozag_seed_capital
D:4:      layout_layer_cave, lemuel_coloured_pillars_altar,
          nicolae_tso_besieged_by_evil
D:5:      layout_basic, serial_shops, shop, minivault_11, uniq_edmund
D:6:      layout_basic, minmay_temple_entry_ruins
D:7:      layout_basic, zin_angel, pdpol_wu_jian_five_deadly_venoms,
          serial_demonic, serial_demonic_c, serial_demonic_c, serial_demonic_e,
          serial_demonic_a, serial_demonic_b, uniq_maggie, uniq_prince_ribbit1
D:8:      nicolae_cairo_tiling_very_big, layout_loops_ring,
          mainiacjoe_overflow_boulevard, gammafunk_temple_overflow_pools,
          minmay_misc_feat_secret_circle, uniq_gastronok
D:9:      layout_roguey, mainiacjoe_overflow_alcove_2, grunt_qazlal_clouds,
          mainiacjoe_overflow_six_doors_small, serial_shops, shop

Skill      XL: |  1  2  3  4  5  6  7  8  9 10 |
---------------+-------------------------------+-----
Stealth        | 2 3 4 5 |  5.0
Ranged Weapons | 5 6 7 8 10 | 10.6
Fighting       | 3 4 5 6 7 |  7.0
Ice Magic      | 1 3 5 |  5.3
Dodging        | 4 5 6 |  6.0
Spellcasting   | 1 |  1.2
Translocations | 1 |  1.0
Shields        | |  0.6

Action                     |  1- 3 |  4- 6 |  7- 9 | 10-12 || total
---------------------------+-------+-------+-------+-------++-------
  Melee: Dagger            |       |    16 |    53 |     7 ||    76
         Tentacles         |       |     5 |    14 |       ||    19
         Constrict         |       |     5 |     8 |       ||    13
         Shortbow          |       |     1 |       |       ||     1
         Punch             |       |       |     2 |     1 ||     3
         Short sword       |       |       |     1 |       ||     1
         Sling             |       |       |       |     2 ||     2
   Fire: Shortbow          |    70 |   218 |    97 |       ||   385
         Sling             |       |       |   148 |   112 ||   260
  Throw: Dart              |       |    13 |       |       ||    13
    Use: Potion            |       |       |     3 |     2 ||     5
         Scroll            |       |       |     5 |     1 ||     6
   Stab: Invisible         |       |     1 |       |       ||     1
 Armour: Skin              |     1 |     3 |     4 |     3 ||    11
  Dodge: Dodged            |    12 |    49 |   115 |    53 ||   229
  Block: Buckler           |       |       |     4 |    17 ||    21

Table legend: (Time is in decaauts)
 A = Elapsed time spent in this place.
 B = Non-inter-level travel time spent in this place.
 C = Inter-level travel time spent in this place.
 D = Time resting spent in this place.
 E = Time spent auto-exploring this place.
 F = Levels seen in this place.
 G = Mean time per level.
                   A        B        C        D        E       F      G
               +--------+--------+--------+--------+--------+-----+--------+
         Total |   9437 |   9102 |    335 |   1091 |   6447 |   9 | 1048.6 |
       Dungeon |   9437 |   9102 |    335 |   1091 |   6447 |   9 | 1048.6 |
               +--------+--------+--------+--------+--------+-----+--------+

Top non-repeatable levels by time:
     D:7: 1444 daAuts
     D:4: 1341 daAuts
     D:5: 1319 daAuts
     D:3: 1164 daAuts
     D:6: 1129 daAuts
     D:2: 1108 daAuts
     D:8: 867 daAuts
     D:9: 617 daAuts
     D:1: 444 daAuts
